[Event "Titled Tuesday Blitz March 21 Early 2023"]
[White "Dudzinski, Pawel"]
[Black "Aggelis, Nikolaos"]
[WhiteFideId "1117890"]
[BlackFideId "4213220"]
[WhiteElo "2099"]
[BlackElo "2189"]
[Result "1/2-1/2"]
[Round "08"]
[TimeControl "180+2"]
[Date "2023.03.21"]
[WhiteClock "0:00:16"]
[BlackClock "0:00:26"]

1. e4 c6 2. d4 d5 3. exd5 cxd5 4. Bd3 Nf6 5. h3 Qc7 6. Ne2 Nc6 7. Bf4 e5 8. dxe5 Nxe5 9. Bb5+ Bd7 10. Bxd7+ Nfxd7 11. O-O Bd6 12. Kh1 O-O 13. Nbc3 Nb6 14. Nxd5 Nxd5 15. Qxd5 Rfd8 16. Qb3 Rac8 17. Nd4 Nc4 18. Nb5 Qb6 19. Nxd6 Nxd6 20. c3 Nc4 21. Qxb6 axb6 22. b3 Na3 23. Rad1 f6 24. c4 b5 25. Bd6 Ra8 26. Bxa3 Rxd1 27. Rxd1 Rxa3 28. cxb5 Rxa2 29. Rd8+ Kf7 30. Rd7+ Kg6 31. Rxb7 Rxf2 32. Rc7 Rf5 33. b6 Rb5 34. b7 Rxb3 35. Kh2 h5 36. h4 Kh6 37. Rd7 g5 38. hxg5+ fxg5 39. Rd6+ Kg7 40. Rd5 Kg6 41. Rd7 Kf5 42. Rd5+ Kf4 43. Rd4+ Ke5 44. Rd7 h4 45. Rc7 Kf5 46. Rc5+ Kg4 47. Rc4+ Kh5 48. Rc7 g4 49. Rc5+ Kg6 50. Rc4 Kf5 51. Rc5+ Ke6 52. Rc4 Kf5 53. Rc5+ Kf6 54. Rc4 Kg5 55. Rc5+ Kg6 56. Rc4 Rxb7 57. Rxg4+ Kh5 58. Rc4 Rg7 59. Rc5+ Kg4 60. Rc4+ Kg5 61. Kh3 Ra7 62. Rg4+ Kh6 63. Rxh4+ Kg7 64. Rb4 Ra8 65. Kg4 Kg8 66. Rb6 Rc8 67. Kh5 Ra8 68. g4 Rc8 69. g5 Ra8 70. Kh6 Rc8 71. Rg6+ Kh8 72. Ra6 Rb8 73. Re6 Kg8 74. Rf6 Ra8 75. Rg6+ Kh8 76. Rf6 Kg8 77. g6 Rb8 78. Ra6 Rc8 79. Ra7 Rb8 80. Rg7+ Kh8 81. Rh7+ Kg8 82. Ra7 Rc8 83. Rd7 Ra8 84. Rg7+ Kh8 85. Rf7 Kg8 86. Rd7 Rb8 87. Rc7 Ra8 88. Rb7 Rc8 89. Rg7+ Kh8 90. Rh7+ Kg8 91. Rb7 Ra8 92. Rd7 Rb8 93. Re7 Ra8 94. Rg7+ Kh8 95. Rh7+ Kg8 96. Rc7 Rb8 97. Ra7 Rc8 98. Re7 Ra8 99. Rd7 1/2-1/2


[Site "https://www.chess.com"]

[Event "Titled Tuesday Blitz March 21 Early 2023"]
[White "Papasimakopoulos, Alexandros"]
[Black "Mazurkiewicz, Michal"]
[WhiteFideId "4244125"]
[BlackFideId "1124943"]
[WhiteElo "2359"]
[BlackElo "2054"]
[Result "1-0"]
[Round "08"]
[TimeControl "180+2"]
[Date "2023.03.21"]
[WhiteClock "0:00:12"]
[BlackClock "0:00:02"]

1. e4 d6 2. d4 Nf6 3. Bd3 c5 4. dxc5 Qa5+ 5. Nc3 Qxc5 6. Nf3 Nc6 7. Be3 Qa5 8. h3 g6 9. O-O Bg7 10. Nd2 O-O 11. Nc4 Qc7 12. a3 Be6 13. f4 Bxc4 14. Bxc4 Na5 15. Bd3 Nc4 16. Bxc4 Qxc4 17. Qd3 Qxd3 18. cxd3 e6 19. Rac1 Nd7 20. Rc2 Rfc8 21. Rfc1 a6 22. Na4 Rxc2 23. Rxc2 b5 24. Nb6 Nxb6 25. Bxb6 Rb8 26. Ba7 Ra8 27. Be3 Kf8 28. b3 Ke8 29. Rc7 Bb2 30. a4 bxa4 31. bxa4 Ba3 32. a5 Bc5 33. Bxc5 dxc5 34. Rxc5 Kd7 35. Kf2 Rb8 36. Rc3 Rb2+ 37. Kf3 Ra2 38. Rc5 Kd6 39. Rc8 Rxa5 40. g4 Ra3 41. Ke3 Ra1 42. Ra8 a5 43. Ra7 Rh1 44. Rxf7 Rxh3+ 45. Kd4 Rh4 46. g5 a4 47. Ke3 Rh3+ 48. Ke2 a3 49. Ra7 a2 50. d4 Kc6 51. Kf2 Kb6 52. Ra8 Kb7 53. Ra4 Rh2+ 54. Kf3 Rb2 55. d5 exd5 56. exd5 Kc7 57. Ra6 Kd7 58. Ke4 Rb4+ 59. Ke5 Rb2 60. Ra7+ Kc8 61. d6 Kb8 62. Ra3 Kc8 63. Ra4 Kd7 64. Ra7+ Kc6 65. d7 Re2+ 66. Kf6 a1=Q+ 67. Rxa1 Kxd7 68. Ra7+ Kd6 69. Rxh7 Rf2 70. Kxg6 Rxf4 71. Ra7 Ke6 72. Kg7 Rf3 73. g6 Rf2 74. Kh7 Rh2+ 75. Kg8 Rg2 76. g7 Rf2 77. Ra4 Ke7 78. Re4+ Kd7 79. Kh7 Rh2+ 80. Kg6 Rg2+ 81. Kh6 Rh2+ 82. Kg5 Rg2+ 83. Rg4 Rxg4+ 84. Kxg4 1-0


[Site "https://www.chess.com"]

[Event "Titled Tuesday Blitz March 21 Early 2023"]
[White "Demin, Vladimir"]
[Black "Tarasova, Viktoriya"]
[WhiteFideId "4167457"]
[BlackFideId "4175840"]
[WhiteElo "2629"]
[BlackElo "2182"]
[Result "1-0"]
[Round "08"]
[TimeControl "180+2"]
[Date "2023.03.21"]
[WhiteClock "0:00:25"]
[BlackClock "0:00:06"]

1. d4 Nf6 2. Nc3 d5 3. Bf4 a6 4. e3 e6 5. g4 h6 6. Bd3 Bd6 7. Qf3 c5 8. dxc5 Bxc5 9. e4 d4 10. Nce2 Nc6 11. e5 Nd5 12. O-O-O Qc7 13. Kb1 b5 14. Bg3 Bb7 15. Be4 O-O-O 16. Nf4 Nxf4 17. Bxf4 Nb4 18. Bxb7+ Qxb7 19. Qxb7+ Kxb7 20. Nf3 Nc6 21. Nd2 Rd5 22. Rhe1 Rhd8 23. Bg3 Bb6 24. f4 d3 25. c3 Na5 26. Ne4 Bc7 27. Bf2 Nc4 28. b3 Na3+ 29. Kb2 Nc2 30. Rg1 Kc6 31. Rg3 a5 32. c4 bxc4 33. bxc4 R5d7 34. Nc5 Rb8+ 35. Kc3 a4 36. Nxd7 Ba5+ 37. Kxd3 Nb4+ 38. Ke4 Rd8 39. a3 1-0


[Site "https://www.chess.com"]

[Event "Titled Tuesday Blitz March 21 Early 2023"]
[White "Skliarov, Viktor"]
[Black "Shevtchenko, Olesya"]
[WhiteFideId "14106736"]
[BlackFideId "24131890"]
[WhiteElo "2289"]
[BlackElo "2003"]
[Result "1-0"]
[Round "08"]
[TimeControl "180+2"]
[Date "2023.03.21"]
[WhiteClock "0:00:09"]
[BlackClock "0:00:13"]

1. e4 c6 2. d4 d5 3. e5 Bf5 4. Nf3 e6 5. Be2 c5 6. Be3 Qb6 7. Nc3 Nc6 8. O-O Qxb2 9. Qe1 c4 10. Rb1 Qxc2 11. Rxb7 Bb4 12. Rxb4 Nxb4 13. Nb5 Nxa2 14. Bd1 Qb2 15. Qa5 Ne7 16. Nc7+ Kd7 17. Ba4+ Nc6 18. Qc5 Qb6 19. Qd6+ Kc8 20. Nxa8 Kb7 21. Nxb6 Nab4 22. Nd7 Rd8 23. Bxc6+ Nxc6 24. Ra1 a5 25. h3 c3 26. Ng5 Bg6 27. Kh2 c2 28. Nc5+ Kb6 29. Na4+ Kb7 30. Qc5 Rc8 31. Qb6+ Ka8 32. Nc5 Rb8 33. Rxa5+ Nxa5 34. Qxa5# 1-0


[Site "https://www.chess.com"]

[Event "Titled Tuesday Blitz March 21 Early 2023"]
[White "wqws"]
[Black "Melikhov, Evgeny V."]
[BlackFideId "4122046"]
[WhiteElo "2623"]
[BlackElo "2158"]
[Result "1/2-1/2"]
[Round "08"]
[TimeControl "180+2"]
[Date "2023.03.21"]
[WhiteClock "0:01:59"]
[BlackClock "0:00:30"]

1. e4 e5 2. Nf3 Nc6 3. Bb5 a6 4. Ba4 Nf6 5. d3 b5 6. Bb3 Be7 7. O-O d6 8. Nc3 O-O 9. h3 Be6 10. Bg5 Qd7 11. Bxf6 Bxf6 12. Nd5 Bxd5 13. Bxd5 Rad8 14. a4 b4 15. Bc4 Qc8 16. c3 bxc3 17. bxc3 Na5 18. Ba2 c5 19. Nd2 Kh8 20. Bd5 Bg5 21. Nc4 Nxc4 22. dxc4 f5 23. exf5 Qxf5 24. Rb1 Rf6 25. Qg4 Qxg4 26. hxg4 Bd2 27. Rb3 Rdf8 28. Bf3 Rf4 29. Rd1 e4 30. Rxd2 exf3 31. gxf3 Rxf3 32. Rxd6 Rxf2 33. Rxa6 Rf1+ 34. Kg2 R8f2+ 35. Kg3 Rf3+ 36. Kg2 R1f2+ 37. Kg1 Rf1+ 38. Kg2 R1f2+ 39. Kg1 Rf1+ 40. Kg2 1/2-1/2


[Site "https://www.chess.com"]

[Event "Titled Tuesday Blitz March 21 Early 2023"]
[White "Savitha Shri B"]
[Black "Ordekalog"]
[WhiteFideId "35061887"]
[WhiteElo "2191"]
[BlackElo "2582"]
[Result "1-0"]
[Round "08"]
[TimeControl "180+2"]
[Date "2023.03.21"]
[WhiteClock "0:00:06"]
[BlackClock "0:00:04"]

1. Nf3 d5 2. d4 c5 3. dxc5 e6 4. g3 Bxc5 5. Bg2 Nf6 6. O-O Nc6 7. Bg5 O-O 8. Nbd2 h6 9. Bxf6 Qxf6 10. c3 Rd8 11. Qc2 e5 12. e4 Be6 13. b4 Bb6 14. b5 Na5 15. Rac1 Rac8 16. Qb1 Nc4 17. exd5 Bxd5 18. Nxc4 Bxc4 19. Rfe1 Bd3 20. Qb2 e4 21. Nd4 Qg6 22. Nb3 Rc7 23. c4 Rxc4 24. Rxc4 Bxc4 25. Bxe4 Qg5 26. a4 Bxb3 27. Qxb3 Rd2 28. Rf1 Qc5 29. Qf3 Qd4 30. Bxb7 Qe5 31. Bc6 g6 32. Kg2 Kg7 33. h4 Qd4 34. h5 g5 35. Qf5 Qc5 36. Qf3 Rd6 37. Qe2 Qd4 38. Bf3 Re6 39. Qc2 Rf6 40. Qe4 Qc5 41. Qe3 Qd6 42. Qe2 Qc5 43. Be4 Qe5 44. Bd3 Qd4 45. Bb1 g4 46. Kh1 Qd5+ 47. Kg1 Qxh5 48. Qe4 Qh3 49. Qh7+ Kf8 50. Qh8+ Ke7 51. Qb8 Bd4 52. Qc7+ Kf8 53. Qd8+ Kg7 54. Qxd4 h5 55. Qe4 h4 56. Qh7+ Kf8 57. Qxh4 Ke7 58. Qxh3 gxh3 59. Kh2 1-0


[Site "https://www.chess.com"]

[Event "Titled Tuesday Blitz March 21 Early 2023"]
[White "Van Osch, Mees"]
[Black "Crevatin, Leo"]
[WhiteFideId "1035967"]
[BlackFideId "1726307"]
[WhiteElo "2324"]
[BlackElo "2190"]
[Result "1-0"]
[Round "08"]
[TimeControl "180+2"]
[Date "2023.03.21"]
[WhiteClock "0:00:37"]
[BlackClock "0:00:02"]

1. e4 c5 2. Nf3 d6 3. d4 cxd4 4. Nxd4 Nf6 5. Nc3 Nc6 6. Be3 Ng4 7. Bb5 Nxe3 8. Nxc6 bxc6 9. Bxc6+ Bd7 10. Bxd7+ Qxd7 11. fxe3 g6 12. e5 dxe5 13. Qxd7+ Kxd7 14. O-O-O+ Kc6 15. Rd5 f6 16. Rhd1 Bh6 17. R1d3 Rhc8 18. Kd1 a6 19. e4 Rc7 20. b4 Kb7 21. Na4 Rac8 22. Nc5+ Ka7 23. c4 Rc6 24. Rh3 Bf8 25. Rxh7 Ka8 26. Rd7 a5 27. a3 axb4 28. axb4 Rb6 29. Rh3 Rd6+ 30. Rxd6 exd6 31. Ra3+ Kb8 32. Nd7+ Kb7 33. Rc3 Be7 34. Ke2 Rc7 35. c5 dxc5 36. Nxc5+ Bxc5 37. bxc5 Kc6 38. Rf3 Rf7 39. g4 g5 40. Rc3 Rh7 41. h3 Ra7 42. Kf3 Ra5 43. Kg3 Ra4 44. Rf3 Rxe4 45. Rxf6+ Kxc5 46. Rf5 Kd4 47. Rxg5 Re3+ 48. Kg2 e4 49. h4 Ra3 50. h5 Ke3 51. Rf5 Ke2 52. h6 Ra6 53. g5 Ra7 54. g6 Ra6 55. Rg5 e3 56. g7 Ra8 57. g8=Q 1-0


[Site "https://www.chess.com"]

[Event "Titled Tuesday Blitz March 21 Early 2023"]
[White "djokovic74"]
[Black "Pniaczek, Marek"]
[BlackFideId "21800421"]
[WhiteElo "2573"]
[BlackElo "2138"]
[Result "0-1"]
[Round "08"]
[TimeControl "180+2"]
[Date "2023.03.21"]
[WhiteClock "0:00:03"]
[BlackClock "0:00:19"]

1. c4 e6 2. Nf3 Nf6 3. g3 d5 4. d4 Be7 5. Bg2 O-O 6. O-O dxc4 7. Qc2 c6 8. Qxc4 b5 9. Qc2 Bb7 10. Rd1 Nbd7 11. Nc3 Qb6 12. Ne5 Nxe5 13. dxe5 Nd5 14. Ne4 c5 15. Bg5 Nb4 16. Qc1 Bxg5 17. Qxg5 Bxe4 18. Bxe4 Rad8 19. a3 Nd5 20. Rd2 h6 21. Qh4 Rd7 22. Rad1 Rfd8 23. e3 c4 24. Bxd5 exd5 25. Qd4 Kf8 26. Qxb6 axb6 27. Rd4 Ke7 28. f4 Ke6 29. Kf2 f5 30. exf6 gxf6 31. g4 h5 32. h3 hxg4 33. hxg4 Rh8 34. Kg2 Ra8 35. e4 Rad8 36. exd5+ Kd6 37. f5 Kc5 38. Re4 Rxd5 39. Rde1 Rd2+ 40. R1e2 b4 41. Kf3 bxa3 42. bxa3 c3 43. R2e3 R8d3 44. Rxd3 Rxd3+ 45. Ke2 c2 46. Re8 Rc3 47. Rc8+ Kd4 48. Rd8+ Ke5 49. Re8+ Kf4 0-1


[Site "https://www.chess.com"]

[Event "Titled Tuesday Blitz March 21 Early 2023"]
[White "lolliNOPE"]
[Black "Larino Nieto, David"]
[BlackFideId "2256444"]
[WhiteElo "2059"]
[BlackElo "2506"]
[Result "0-1"]
[Round "08"]
[TimeControl "180+2"]
[Date "2023.03.21"]
[WhiteClock "0:00:17"]
[BlackClock "0:01:40"]

1. e4 d5 2. exd5 Qxd5 3. Nc3 Qa5 4. d4 Nf6 5. Nf3 Nc6 6. Bb5 Ne4 7. Bd2 Nxc3 8. Bxc6+ bxc6 9. Bxc3 Qd5 10. O-O Bg4 11. Re1 Bxf3 12. Qxf3 Qxf3 13. gxf3 e6 14. b3 O-O-O 15. Kg2 Rd5 16. Re5 Bd6 17. Rxd5 cxd5 18. Bd2 Kd7 19. Rc1 c6 20. c4 Ra8 21. c5 Bc7 22. Rb1 a6 23. h3 g6 24. Kf1 Bd8 25. Ke2 Bf6 26. Kd3 Bg7 27. f4 Rb8 28. a4 Bf6 29. b4 Bd8 30. Be3 Bc7 31. Bd2 Ke7 32. Be3 Kf6 33. Ke2 Kf5 34. Kf3 h6 35. h4 Bd8 36. Kg3 Ke4 37. Rb3 Ba5 38. f3+ Kf5 39. Bd2 Bc7 40. Be3 f6 41. Bd2 g5 42. hxg5 fxg5 43. Rb1 h5 44. Rh1 h4+ 45. Kf2 Bxf4 46. Bxf4 Kxf4 47. Rg1 Rxb4 48. Rg4+ Kf5 49. Kg2 Rxa4 0-1


[Site "https://www.chess.com"]

[Event "Titled Tuesday Blitz March 21 Early 2023"]
[White "HSH1987"]
[Black "Wahedi, Ahmad Siar"]
[BlackFideId "4651260"]
[WhiteElo "2676"]
[BlackElo "2468"]
[Result "1-0"]
[Round "08"]
[TimeControl "180+2"]
[Date "2023.03.21"]
[WhiteClock "0:00:25"]
[BlackClock "0:00:47"]

1. Nf3 c5 2. g3 Nf6 3. Bg2 g6 4. b3 Bg7 5. Bb2 O-O 6. c4 d6 7. O-O Nc6 8. d4 Rb8 9. d5 Na5 10. Nbd2 b5 11. Bc3 bxc4 12. bxc4 Bd7 13. e4 Qc7 14. Qc2 Ng4 15. Bxg7 Kxg7 16. Qc3+ f6 17. Nh4 Rb4 18. a3 Rb7 19. h3 Nh6 20. f4 Rfb8 21. Nhf3 Nf7 22. Rae1 Nb3 23. e5 Nxd2 24. exf6+ exf6 25. Nxd2 Ba4 26. g4 Qd8 27. g5 Kg8 28. gxf6 Bd7 29. Re6 Rb2 30. Rfe1 Ba4 31. Re7 R8b7 32. h4 Rc2 33. Qe3 Rxe7 34. fxe7 Qe8 35. Bh3 Nh6 36. Qe6+ Kg7 37. Ne4 Qb8 38. Qf6+ 1-0


[Site "https://www.chess.com"]

[Event "Titled Tuesday Blitz March 21 Early 2023"]
[White "Aarav Dengla"]
[Black "Starozhilov, Leonid"]
[WhiteFideId "45059756"]
[BlackFideId "14106752"]
[WhiteElo "2285"]
[BlackElo "2402"]
[Result "0-1"]
[Round "08"]
[TimeControl "180+2"]
[Date "2023.03.21"]
[WhiteClock "0:00:02"]
[BlackClock "0:00:20"]

1. e4 g6 2. d4 Bg7 3. Nc3 d6 4. Be3 a6 5. Qd2 b5 6. O-O-O Nd7 7. h4 h5 8. Nh3 Ngf6 9. f3 Nb6 10. Bd3 c6 11. Ng5 Nh7 12. Nxh7 Rxh7 13. e5 d5 14. g4 Nc4 15. Bxc4 bxc4 16. Na4 hxg4 17. h5 Rxh5 18. Rxh5 gxh5 19. Rh1 Bf5 20. e6 Qd6 21. Nc5 fxe6 22. Rxh5 Qg3 23. fxg4 Qf3 24. Rg5 Bxg4 0-1


[Site "https://www.chess.com"]

[Event "Titled Tuesday Blitz March 21 Early 2023"]
[White "Cuenca Jimenez, Jose Fernando"]
[Black "Bilan, Danila"]
[WhiteFideId "2255570"]
[BlackFideId "24161918"]
[WhiteElo "2429"]
[BlackElo "2182"]
[Result "1-0"]
[Round "08"]
[TimeControl "180+2"]
[Date "2023.03.21"]
[WhiteClock "0:00:33"]
[BlackClock "0:00:06"]

1. c4 c6 2. e4 d5 3. exd5 cxd5 4. cxd5 a6 5. Nc3 Nf6 6. Nf3 Nxd5 7. Bc4 e6 8. O-O b5 9. Bxd5 exd5 10. Re1+ Be7 11. d4 O-O 12. h3 Nc6 13. Bf4 Bf6 14. Rc1 Na5 15. Be5 Be6 16. b3 Rc8 17. Qd2 Nc6 18. Bxf6 Qxf6 19. Ne5 Nxe5 20. Rxe5 Rfd8 21. Ne2 Rxc1+ 22. Nxc1 Qg6 23. Nd3 Bxh3 24. Nf4 Qb1+ 25. Re1 Qf5 26. Nxh3 h6 27. Nf4 Rc8 28. Nd3 g5 29. Nc5 Kg7 30. Qe2 Qf4 31. Qe5+ Qxe5 32. Rxe5 Rd8 33. Kf1 Ra8 34. Re7 Kf6 35. Rb7 h5 36. Ke2 h4 37. Kf3 Kg6 38. Rb6+ Kh5 39. g4+ hxg3 40. fxg3 f5 41. Rf6 f4 42. g4+ Kh4 43. Rh6# 1-0


[Site "https://www.chess.com"]

[Event "Titled Tuesday Blitz March 21 Early 2023"]
[White "Safin, Robert"]
[Black "cryptoguru02"]
[WhiteFideId "34189120"]
[WhiteElo "2245"]
[BlackElo "2451"]
[Result "0-1"]
[Round "08"]
[TimeControl "180+2"]
[Date "2023.03.21"]
[WhiteClock "0:01:39"]
[BlackClock "0:01:40"]

1. e4 e5 2. Nf3 Nc6 3. d4 exd4 4. Nxd4 Nxd4 5. Qxd4 Qf6 6. e5 Qb6 7. Qxb6 axb6 8. Nc3 Bb4 9. Bd2 Bxc3 10. Bxc3 Ne7 11. Bc4 c6 12. O-O-O b5 13. Bb3 c5 14. a3 c4 15. Ba2 b6 16. b3 cxb3 17. Bxb3 Rxa3 18. Kb2 Ra8 19. Rd6 Bb7 20. Rxb6 Bc6 21. Ra1 O-O 22. g3 Rxa1 23. Kxa1 Ra8+ 24. Kb2 Nc8 0-1


[Site "https://www.chess.com"]

[Event "Titled Tuesday Blitz March 21 Early 2023"]
[White "Bas Mas, Jose Joaquin"]
[Black "Budrewicz, Krzysztof"]
[WhiteFideId "22219064"]
[BlackFideId "1127950"]
[WhiteElo "2233"]
[BlackElo "2230"]
[Result "0-1"]
[Round "08"]
[TimeControl "180+2"]
[Date "2023.03.21"]
[WhiteClock "0:00:13"]
[BlackClock "0:01:13"]

1. e4 d5 2. exd5 Nf6 3. c4 c6 4. d4 cxd5 5. Nc3 Nc6 6. Bg5 e6 7. Nf3 Be7 8. cxd5 Nxd5 9. Bxe7 Ncxe7 10. Bd3 h6 11. O-O O-O 12. Rc1 Bd7 13. Re1 Rc8 14. Ne5 Bc6 15. Nxc6 Nxc6 16. Bb1 Nf6 17. Qb3 b6 18. Rcd1 Na5 19. Qb5 Qd7 20. Qxd7 Nxd7 21. d5 e5 22. Bf5 Rfd8 23. Bxd7 Rxd7 24. Rxe5 Nc4 25. Re2 Nxb2 26. Rxb2 Rxc3 27. g3 Kf8 28. Kg2 Ke7 29. Re2+ Kd6 30. Re8 g6 31. h4 h5 32. Rd2 Ra3 33. Re4 Ra5 34. Rf4 f5 35. Rfd4 Rc7 36. R4d3 Rcc5 37. Re2 Rxd5 38. Rde3 Re5 39. Rd2+ Rad5 40. Rxd5+ Kxd5 41. Rd3+ Kc6 42. Rd8 Re6 43. Kf3 b5 44. Kf4 Kc5 45. Kg5 Kb4 46. Rg8 Ka3 47. Rxg6 Rxg6+ 48. Kxg6 Kxa2 49. Kxh5 b4 50. Kg5 b3 51. h5 b2 52. h6 b1=Q 53. h7 Qb8 54. Kxf5 Qh8 55. Kg6 a5 56. g4 a4 57. g5 a3 58. Kh6 Kb3 59. g6 Qf6 60. Kh5 a2 0-1


[Site "https://www.chess.com"]

[Event "Titled Tuesday Blitz March 21 Early 2023"]
[White "Quinones Garcia, Santiago"]
[Black "Ratsma, Midas"]
[WhiteFideId "4408497"]
[BlackFideId "1032283"]
[WhiteElo "2263"]
[BlackElo "2172"]
[Result "0-1"]
[Round "08"]
[TimeControl "180+2"]
[Date "2023.03.21"]
[WhiteClock "0:01:56"]
[BlackClock "0:02:07"]

1. d4 d5 2. c4 e5 3. dxe5 d4 4. Nf3 Nc6 5. Bf4 Nge7 6. Nbd2 Ng6 7. Bg3 Bf5 8. Qb3 Bb4 9. a3 Ba5 10. Qxb7 Bd7 11. Qb3 Rb8 12. Qc2 Qe7 13. b4 Bxb4 14. axb4 Nxb4 15. Qd1 Bf5 16. Rc1 f6 17. e4 dxe3 18. fxe3 fxe5 19. Be2 Nd3+ 20. Bxd3 Bxd3 21. Qa4+ Kf7 22. e4 Nf4 23. Kf2 Qc5+ 24. Ke1 Qe3+ 25. Kd1 Qe2# 0-1


[Site "https://www.chess.com"]

[Event "Titled Tuesday Blitz March 21 Early 2023"]
[White "Kubatko, Ivan"]
[Black "Gubajdullin, Alexei"]
[WhiteFideId "24111473"]
[BlackFideId "4141202"]
[WhiteElo "2285"]
[BlackElo "2267"]
[Result "1-0"]
[Round "08"]
[TimeControl "180+2"]
[Date "2023.03.21"]
[WhiteClock "0:00:08"]
[BlackClock "0:00:11"]

1. e4 e5 2. Nf3 Nf6 3. Nc3 Nc6 4. g3 Bc5 5. Bg2 d6 6. h3 O-O 7. O-O h6 8. d3 a6 9. Be3 Bxe3 10. fxe3 Be6 11. Nh4 g6 12. Nd5 Nd7 13. Qf3 Kg7 14. a3 f6 15. b4 Ne7 16. c4 c6 17. Nc3 a5 18. Kh2 axb4 19. axb4 Qb6 20. Rab1 Ra3 21. Rfc1 Rfa8 22. g4 Rh8 23. Qg3 Qa7 24. Nf5+ Bxf5 25. exf5 g5 26. Qe1 h5 27. Kg3 hxg4 28. hxg4 Qb8 29. Ra1 Rxa1 30. Rxa1 d5 31. e4 Rh4 32. Ne2 Qd6 33. Ng1 Rh8 34. Ra7 Qb8 35. Qa1 dxc4 36. dxc4 Nb6 37. Bf1 Rd8 38. Nf3 Nbc8 39. Ra8 Qc7 40. c5 Ng8 41. Bc4 Nh6 42. Be6 Qe7 43. Rxc8 Rxc8 44. Bxc8 Qd8 45. Be6 Qd3 46. Qa7 Qxe4 47. Qxb7+ Kh8 48. Qc8+ Kg7 49. Qd7+ Kf8 50. Qd8+ Kg7 51. Qe7+ Kh8 52. Qxf6+ Kh7 53. Nxg5# 1-0


[Site "https://www.chess.com"]

[Event "Titled Tuesday Blitz March 21 Early 2023"]
[White "Do Nascimento,Christian Almeida"]
[Black "Shvedova, Alexandra"]
[WhiteFideId "2143801"]
[BlackFideId "54154782"]
[WhiteElo "2125"]
[BlackElo "2057"]
[Result "1/2-1/2"]
[Round "08"]
[TimeControl "180+2"]
[Date "2023.03.21"]
[WhiteClock "0:00:18"]
[BlackClock "0:00:27"]

1. d4 Nf6 2. e3 d5 3. Bd3 c5 4. c3 Nc6 5. f4 Ne4 6. Nf3 Bf5 7. O-O e6 8. Ne5 h5 9. Bb5 Qb6 10. a4 a6 11. Nxc6 axb5 12. Ne5 b4 13. Nd2 bxc3 14. Nxe4 cxb2 15. Rb1 bxc1=Q 16. Qxc1 Qc7 17. Nxc5 Bxc5 18. dxc5 Bxb1 19. Qxb1 O-O 20. Qb5 Ra5 21. Qe2 g6 22. g4 hxg4 23. Qxg4 Kg7 24. c6 bxc6 25. Qg5 Qb6 26. Ng4 Rh8 27. Qe5+ Kh7 28. Nf6+ Kh6 29. Nxd5 Qd8 30. Qg5+ Qxg5+ 31. fxg5+ Kxg5 32. Nc3 Rf5 33. Rd1 Ra8 34. Rd4 c5 35. Rc4 Re5 36. Kf2 f5 37. Kf3 Kf6 38. h4 g5 39. hxg5+ Kxg5 40. Nb5 Ra5 41. Nc3 Kf6 42. Rf4 c4 43. Rxc4 Rec5 44. Rxc5 Rxc5 45. Ne2 Rc4 46. a5 Ra4 47. Nd4 Rxa5 48. Ne2 e5 49. Nc3 Ra3 50. Nd5+ Ke6 51. Nc7+ Kd7 52. Nd5 f4 53. Ke4 fxe3 54. Nxe3 Ke6 55. Nc2 Ra4+ 56. Ke3 Kf5 57. Kd3 e4+ 58. Ke3 Rc4 59. Kd2 Kf4 60. Ne3 Rd4+ 61. Ke2 Rd3 62. Ng2+ Ke5 63. Ne3 Ra3 64. Nc4+ Kd4 65. Nxa3 Kc3 66. Nb1+ Kc2 67. Nd2 e3 68. Nf3 Kc3 69. Ne5 Kd4 70. Ng6 Kc5 71. Nf8 Kd6 72. Nh7 Kc6 73. Ng5 Kc7 74. Nf3 Kd7 75. Nd4 Kd8 76. Kd3 Ke7 77. Ne2 Kd6 78. Ke4 Kc5 79. Kd3 Kb4 80. Nf4 Kb3 81. Ke2 Kc2 82. Ng2 Kc1 83. Nh4 Kc2 84. Ng6 Kb2 85. Nf4 Kb1 86. Ne6 Kb2 87. Nd4 Ka1 88. Nc6 Ka2 89. Kxe3 1/2-1/2


[Site "https://www.chess.com"]

[Event "Titled Tuesday Blitz March 21 Early 2023"]
[White "Tomaszewski, Kacper"]
[Black "TheKnightOfBosnia"]
[WhiteFideId "1127373"]
[WhiteElo "2211"]
[BlackElo "2527"]
[Result "1-0"]
[Round "08"]
[TimeControl "180+2"]
[Date "2023.03.21"]
[WhiteClock "0:00:25"]
[BlackClock "0:00:08"]

1. e4 e5 2. Nf3 Nc6 3. Nc3 Nf6 4. h3 h6 5. a3 Be7 6. d4 d6 7. Bb5 Bd7 8. d5 Nb8 9. Bd3 c6 10. O-O a6 11. Re1 b5 12. b4 O-O 13. dxc6 Nxc6 14. Bf1 Rc8 15. Bb2 Re8 16. Rc1 Bf8 17. Nh2 Nd4 18. Ne2 Nxe2+ 19. Qxe2 a5 20. c4 axb4 21. cxb5 bxa3 22. Bxa3 Qa5 23. Qb2 Rxc1 24. Rxc1 Nxe4 25. b6 Nc5 26. Bxc5 dxc5 27. Nf3 e4 28. Ne5 Bf5 29. b7 Qc7 30. Bc4 Be6 31. Bxe6 fxe6 32. Nc6 Qxc6 33. b8=Q Rxb8 34. Qxb8 e3 35. fxe3 Qe4 36. Rf1 Qxe3+ 37. Rf2 Qe1+ 38. Rf1 Qe3+ 39. Kh1 Kh7 40. Qxf8 c4 41. Qf3 Qe5 42. Rc1 Qd5 43. Qc3 h5 44. Qxc4 Qg5 45. Qe4+ Kh6 46. Re1 h4 47. Qxe6+ Kh7 48. Qe4+ g6 49. Qe7+ Qxe7 50. Rxe7+ Kh6 51. Re4 Kg5 52. Rg4+ Kh5 53. Kg1 g5 54. Kf2 Kg6 55. Ke3 Kf5 56. Kf3 Kf6 57. Ra4 Kg6 58. Kg4 1-0


[Site "https://www.chess.com"]

[Event "Titled Tuesday Blitz March 21 Early 2023"]
[White "Degenbaev, Aziz"]
[Black "Vedder, Richard"]
[WhiteFideId "13802640"]
[BlackFideId "1004166"]
[WhiteElo "2152"]
[BlackElo "2168"]
[Result "1-0"]
[Round "08"]
[TimeControl "180+2"]
[Date "2023.03.21"]
[WhiteClock "0:00:46"]
[BlackClock "0:02:07"]

1. e4 e5 2. Nf3 Nc6 3. d4 exd4 4. Nxd4 Nf6 5. Nxc6 bxc6 6. e5 Qe7 7. Qe2 Nd5 8. h4 a5 9. g3 Ba6 10. c4 Nb6 11. b3 a4 12. Ba3 Qe6 13. Bxf8 Kxf8 14. Bh3 Qe7 15. O-O g6 16. Nd2 Kg7 17. Rfe1 axb3 18. axb3 Bb7 19. Rxa8 Rxa8 20. Qd3 c5 21. Nf3 Ra2 22. Ng5 h6 23. Nf3 f6 24. Qc3 Bxf3 25. exf6+ Qxf6 26. Re7+ 1-0


[Site "https://www.chess.com"]

[Event "Titled Tuesday Blitz March 21 Early 2023"]
[White "Begunov, Konstantin"]
[Black "Hirneise, Jens"]
[WhiteFideId "4118510"]
[BlackFideId "24614734"]
[WhiteElo "2079"]
[BlackElo "2345"]
[Result "0-1"]
[Round "08"]
[TimeControl "180+2"]
[Date "2023.03.21"]
[WhiteClock "0:00:01"]
[BlackClock "0:01:36"]

1. d4 Nf6 2. c4 Nc6 3. Nc3 e5 4. d5 Ne7 5. h4 h5 6. Nf3 d6 7. Ng5 g6 8. e4 Bg7 9. f3 c5 10. dxc6 bxc6 11. Be3 O-O 12. Be2 d5 13. cxd5 cxd5 14. exd5 Nexd5 15. Nxd5 Nxd5 16. Bd2 Qb6 17. Qb3 Nf4 18. Qxb6 axb6 19. g3 Nxe2 20. Kxe2 Ba6+ 21. Kf2 Rfd8 22. Bc3 Rd3 23. Rhd1 Rad8 24. Rxd3 Rxd3 25. Re1 f6 26. Ne4 Kf7 27. Re3 Rd7 28. Nd2 Bh6 29. f4 exf4 30. gxf4 Bxf4 31. Rf3 Bxd2 32. Rxf6+ Ke7 33. Rxb6 Bxc3 34. bxc3 Bd3 35. Ke3 Bf5 36. c4 Ra7 37. Rb2 Kd6 38. Kd4 Kc6 39. Re2 Rd7+ 40. Kc3 Rd3+ 41. Kb4 Rh3 42. a4 Rxh4 43. a5 Rh1 44. Rd2 Rb1+ 45. Kc3 h4 46. a6 h3 0-1


[Site "https://www.chess.com"]

[Event "Titled Tuesday Blitz March 21 Early 2023"]
[White "Fernandez Garcia, Gumersindo"]
[Black "Lehtosaari, Mauri"]
[WhiteFideId "24516740"]
[BlackFideId "501999"]
[WhiteElo "2093"]
[BlackElo "2519"]
[Result "0-1"]
[Round "08"]
[TimeControl "180+2"]
[Date "2023.03.21"]
[WhiteClock "0:01:49"]
[BlackClock "0:00:41"]

1. Nf3 d5 2. e3 Nf6 3. c4 c6 4. Nc3 g6 5. cxd5 cxd5 6. d4 Bg7 7. Be2 O-O 8. O-O Bg4 9. b3 Nc6 10. h3 Bxf3 11. Bxf3 e6 12. Ba3 Re8 13. Rc1 Rc8 14. Na4 b6 15. Be2 Ne4 16. Ba6 Rc7 17. f3 Ng3 18. Re1 Bf8 19. Bxf8 Rxf8 20. Nc3 Nb4 21. Bb5 Qc8 22. Qd2 a6 23. a3 axb5 24. axb4 h5 25. Nxb5 Rxc1 26. Rxc1 Qxc1+ 27. Qxc1 Ne2+ 0-1


[Site "https://www.chess.com"]